 Dungeon Crawl Stone Soup version 0.30-a0-639-g3916f1956a (webtiles) character file.

Game seed: 2961056323105527434

1914 drugrobin the Martial Artist (level 8, -4/66 HPs)
             Began as a Demigod Delver on Jan 16, 2023.
             Slain by a gargoyle
             ... wielding a +0 mace
              (16 damage)
             ... in a bailey.
             The game lasted 00:20:57 (7264 turns).

drugrobin the Martial Artist (Demigod Delver)       Turns: 7264, Time: 00:20:57

Health: -4/66      AC: 14    Str: 16 (17) XL:     8   Next: 63%
Magic:  14/14      EV:  7    Int: 11 (12) God:
Gold:   276        SH:  0    Dex: 19 (22) Spells: 9/11 levels left

rFire   + . .      SeeInvis +      - Unarmed
rCold   + . .      Faith    .    (no shield)
rNeg    . . .      Spirit   .    G - +4 chain mail of Keiguh {rPois Dex+3 SInv}
rPois   +          Reflect  .    m - +0 helmet
rElec   .          Harm     .    x - scarf {rC+ rF+}
rCorr   .          Rampage  .    (no gloves)
Will    .....                    p - +0 pair of boots Stlth
                                 (no amulet)
HPRegen 0.31/turn                (no ring)
MPRegen 0.14/turn                (no ring)

@: mighty
A: high MP 1, forlorn, divine attributes
a: no special abilities


You were in a bailey.
You visited 1 branch of the dungeon, and saw 7 of its levels.
You also visited: Bailey.

You collected 276 gold pieces.

Inventory:

Hand Weapons
 b - a +0 sling
 c - a +0 shortbow
Missiles
 u - 2 boomerangs (quivered)
 v - 5 boomerangs of dispersal
Armour
 m - a +0 helmet (worn)
 p - a +0 pair of boots (worn)
 x - a scarf of resistance (worn)
 G - the +4 chain mail of Keiguh (worn) {rPois Dex+3 SInv}
   (You found it on level 6 of the Dungeon)

   Dex:       It affects your dexterity (+3).
   rPois:     It protects you from poison.
   SInv:      It lets you see invisible.
Wands
 f - a wand of digging (2)
 y - a wand of mindburst (8)
Scrolls
 a - a scroll of magic mapping
 d - a scroll of poison {unknown}
 g - a scroll of noise {unknown}
 h - a scroll of vulnerability {unknown}
 k - 2 scrolls of blinking {unknown}
 l - 3 scrolls of teleportation
 n - 2 scrolls of enchant armour {unknown}
 o - a scroll of silence {unknown}
 s - 3 scrolls of identify {unknown}
 z - 3 scrolls of fog
 B - a scroll of amnesia {unknown}
Potions
 e - a potion of haste
 i - 2 potions of degeneration
 j - a potion of might
 q - a potion of invisibility {unknown}
 r - 2 potions of ambrosia
 t - a potion of attraction {unknown}
 w - a potion of lignification {unknown}
 C - a potion of brilliance {unknown}
 D - a potion of cancellation {unknown}
 E - 2 potions of resistance {unknown}


   Skills:
 - Level 4.0 Fighting
 - Level 1.7 Dodging
 - Level 4.5 Stealth
 + Level 9.2 Unarmed Combat
 - Level 2.0 Spellcasting
 - Level 4.0 Evocations


You had 9 spell levels left.
You knew the following spells:

 Your Spells              Type           Power      Damage    Failure   Level
a - Poisonous Vapours     Pois/Air       2%         N/A       100%        2

Your spell library contained the following spells:

 Spells                   Type           Power      Damage    Failure   Level
 Apportation              Tloc           2%         N/A       99%         1
 Freeze                   Ice            4%         1d3       99%         1
 Necrotise                Necr           4%         1d4       99%         1
 Shock                    Conj/Air       4%         1d3       99%         1
 Slow                     Hex            4%         N/A       99%         1
 Summon Small Mammal      Summ           4%         N/A       99%         1
 Cigotuvi's Dreadful Rot  Necr/Pois/Air  2%         N/A       100%        2
 Confusing Touch          Hex            1%         N/A       100%        3
 Frozen Ramparts          Ice            2%         1d1       100%        3
 Hailstorm                Conj/Ice       1%         3d3       100%        3
 Mephitic Cloud           Conj/Pois/Air  1%         N/A       100%        3
 Swiftness                Air            1%         N/A       100%        3
 Vampiric Draining        Necr           1%         2d6       100%        3
 Airstrike                Air            0%         2d(1-17)  100%        4


Dungeon Overview and Level Annotations

Branches:
Dungeon (7/15)             Temple (0/1) D:7          Bailey (1/1)

Annotations:
D:4 exclusion: steam dragon
D:6 Pikel


Innate Abilities, Weirdness & Mutations

You have an increased reservoir of magic. (+10% MP)
You shall have no god before yourself.
Your divine heritage dramatically boosts your attributes as you level up.


Message History

Unknown command.
Unknown command.
Unknown command.
Unknown command.
You hit the gargoyle but do no damage.
The gargoyle is lightly damaged.
The gargoyle hits you with a +0 mace.
Unknown command.
Unknown command.
Unknown command.
You hit the gargoyle.
The gargoyle is moderately damaged.
The gargoyle hits you with a +0 mace!
* * * LOW HITPOINT WARNING * * *
Unknown command.
You feel better.
The gargoyle hurls a stone arrow at you.
The stone arrow hits you!
* * * LOW HITPOINT WARNING * * *
Unknown command.
Unknown command.
Okay, then.
It was a potion of ambrosia.
You are confused.
You feel invigorated.
The gargoyle hurls a stone arrow at you.
The stone arrow misses you.
Unknown command.
Unknown command.
Unknown command.
Unknown command.
Unknown command.
Unknown command.
Unknown command.
Unknown command.
Unknown command.
You feel less invigorated.
You feel less confused. The gargoyle hits you with a +0 mace!
You die...

♣...8.#)..............#..#
♣.....#'####.♣)♣......##+#
♣.....#....#...♣.)♣....#
♣♣....#....#...........#
♣♣#'##'#..#...........#
#....#.)#.......♣...#
#....####...#....♣.
#....+....####...
#....+.9@## #.. #....#...#
## #....#.... ####+#.....
#..(..# #######


You could see a gargoyle.

Vanquished Creatures
  A vampire (D:7)
  2 black bears (D:6)
  2 sky beasts
  A centaur (D:6)
  A phantom (D:5)
  A bullfrog (D:5)
  2 scorpions
  3 killer bees (D:7)
  An electric eel (D:6)
  6 vampire bats (Bailey)
  A howler monkey (D:7)
  7 wolf zombies (Bailey)
  2 hounds
  An iguana (D:5)
  6 gnolls
  11 adders
  2 white imps
  A dart slug (D:5)
  7 orcs
  4 bats
  13 endoplasms
  A giant cockroach (D:4)
  8 goblins
  7 hobgoblins
  9 kobolds
  A quokka (D:1)
  5 ball pythons
  4 frilled lizards
  12 orc zombies (Bailey)
  7 rats
129 creatures vanquished.

Vanquished Creatures (others)
  51 plants
51 creatures vanquished.

Grand Total: 180 creatures vanquished

Notes
Turn   | Place    | Note
-------+----------+-------------------------------------------
     0 | D:5      | drugrobin the Demigod Delver began the quest for the Orb.
     0 | D:5      | Reached XP level 1. HP: 18/18 MP: 3/3
    35 | D:5      | Reached skill level 2 in Unarmed Combat
   248 | D:2      | Reached XP level 2. HP: 25/25 MP: 4/4
   276 | D:2      | HP: 1/25 [adder (1)]
   491 | D:1      | Reached skill level 3 in Unarmed Combat
   534 | D:1      | Noticed a golden eye
   538 | D:1      | Noticed an eye of devastation
   545 | D:1      | Noticed an eye of devastation
   545 | D:1      | Noticed an eye of devastation
   807 | D:1      | Reached XP level 3. HP: 30/30 MP: 5/5
  1145 | D:1      | Learned a level 2 spell: Poisonous Vapours
  1996 | D:2      | Reached skill level 1 in Spellcasting
  1996 | D:2      | Reached XP level 4. HP: 37/37 MP: 6/8
  2032 | D:2      | Reached skill level 4 in Unarmed Combat
  3535 | D:4      | Noticed a steam dragon
  3676 | D:4      | Identified the +11 scimitar "Covemem" {flame, Str+4}
  3737 | D:4      | Reached XP level 5. HP: 20/42 MP: 1/10
  4290 | D:4      | Reached skill level 5 in Unarmed Combat
  4619 | D:5      | Reached skill level 1 in Evocations
  4620 | D:5      | Identified the +2 plate armour "Siacusea" {Str+4}
  4702 | D:5      | Reached XP level 6. HP: 40/50 MP: 11/11
  5669 | D:6      | Identified the +4 chain mail of Keiguh {rPois Dex+3 SInv}
  5754 | D:6      | Reached skill level 6 in Unarmed Combat
  5754 | D:6      | Reached XP level 7. HP: 50/56 MP: 13/13
  6182 | D:6      | Reached skill level 7 in Unarmed Combat
  6245 | D:6      | Noticed Pikel
  6354 | D:7      | Noticed a vampire
  6363 | D:7      | Killed a vampire
  6408 | D:7      | Reached XP level 8. HP: 34/62 MP: 14/14
  6432 | D:7      | Reached skill level 8 in Unarmed Combat
  6658 | D:7      | Found a flagged portal.
  6666 | Bailey   | Entered a bailey
  7132 | Bailey   | Reached skill level 9 in Unarmed Combat
  7250 | Bailey   | Noticed a gargoyle
  7261 | Bailey   | HP: 2/66 [gargoyle/stone arrow (13)]
  7264 | Bailey   | Slain by a gargoyle

Illustrated notes

Levels and vault maps discovered:
D:1:      wander_arrival_estate, layout_basic,
          hellmonk_ecumenical_altar_watching_god, minmay_tree_intersection,
          minmay_misc_feat_iff, minmay_misc_feat_five
D:2:      layout_basic, serial_bayou, serial_bayou_pond_b, serial_bayou_pond_d,
          serial_bayou_pond_d, serial_bayou_ford_a, serial_bayou_lagoon_a
D:3:      layout_basic, mainiacjoe_overflow_tiny_flanked,
          nicolae_sif_muna_little_library, item_on_display_a
D:4:      layout_loops_ring, grunt_temple_overflow_open, minmay_fountain_box,
          minmay_pentomino_pile
D:5:      minmay_spotlight, layout_basic, ashenzari_altar_1,
          hangedman_abyss_or_decor_lesser_grid, minmay_misc_feat_rows
D:6:      layout_layer_cave, serial_bayou_lagoon_b, uniq_pikel
D:7:      layout_loops_ring, minmay_temple_entry_slanted, enter_bailey_4
Bailey:   bailey_polearm_vampire_castle_hellmonk, bailey

Skill      XL: |  1  2  3  4  5  6  7  8 |
---------------+-------------------------+-----
Unarmed Combat | 2 3 4 5 6 7 9 |  9.2
Spellcasting   | 1 2 |  2.0
Evocations     | 1 3 4 |  4.0
Fighting       | 4 |  4.0
Dodging        | |  1.7
Stealth        | |  4.5

Action                   |  1- 3 |  4- 6 |  7- 9 || total
-------------------------+-------+-------+-------++-------
Melee: Unarmed           |   145 |   159 |   234 ||   538
       Halberd           |    28 |       |       ||    28
       Punch             |     1 |    11 |    14 ||    26
 Fire: Sling             |       |     1 |     1 ||     2
       Shortbow          |       |       |    20 ||    20
Throw: Boomerang         |       |    23 |     3 ||    26
       Throwing net      |       |       |     2 ||     2
 Cast: Poisonous Vapours |     1 |     8 |       ||     9
Evoke: Wand              |     1 |     1 |     6 ||     8
  Use: Scroll            |     1 |       |     2 ||     3
       Potion            |     1 |       |     4 ||     5
 Stab: Sleeping          |     9 |     6 |       ||    15
       Held in net/web   |       |       |     2 ||     2
Armor: Leather armour    |    34 |    15 |       ||    49
       Scale mail        |    29 |       |       ||    29
       Plate armour      |       |    41 |       ||    41
       Chain mail        |       |     5 |   217 ||   222
Dodge: Dodged            |   108 |    60 |   139 ||   307

Table legend: (Time is in decaauts)
 A = Elapsed time spent in this place.
 B = Non-inter-level travel time spent in this place.
 C = Inter-level travel time spent in this place.
 D = Time resting spent in this place.
 E = Time spent auto-exploring this place.
 F = Levels seen in this place.
 G = Mean time per level.
                   A        B        C        D        E       F      G
               +--------+--------+--------+--------+--------+-----+--------+
         Total |   7318 |   6986 |    332 |    614 |   4591 |   8 |  914.8 |
       Dungeon |   6730 |   6398 |    332 |    482 |   4380 |   7 |  961.4 |
        Bailey |    587 |    587 |      0 |    132 |    211 |   1 |  587.0 |
               +--------+--------+--------+--------+--------+-----+--------+

Top non-repeatable levels by time:
     D:2: 1692 daAuts
     D:5: 1229 daAuts
     D:4: 1098 daAuts
     D:1: 1053 daAuts
     D:3: 709 daAuts
  Bailey: 587 daAuts
     D:6: 572 daAuts
     D:7: 374 daAuts
